Canadiens vs BlueJackets

Created - Thursday, January 15, 2015 at 23:34

Goals
1 2 3 T
Canadiens 1 2 2 5
BlueJackets 1 0 0 1
Shots
1 2 3 T
Canadiens 6 8 17 31
BlueJackets 16 9 12 37

1st period

1. Canadiens , Derek Morris 3 (Eric Staal, Matt Niskanen) at 10:19 (PP)
2. BlueJackets , Erik Cole 8 (Teddy Purcell) at 14:24

Penalties :
Antoine Roussel (Clb) for Roughing (Minor) at 10:01, Mike Weaver (Mon) for Elbowing (Minor) at 16:12

2nd period

3. Canadiens , Ben Lovejoy 4 (Mike Cammalleri, Eric Staal) at 8:36
4. Canadiens , Mike Cammalleri 12 (Pascal Dupuis) at 13:37 (SH)

Penalties :
Tobias Enstrom (Clb) for Holding (Minor) at 0:55, John-Michael Liles (Mon) for Hooking (Minor) at 12:21, Andrew Ference (Clb) for Boarding (Minor) at 14:32

3rd period

5. Canadiens , Sam Gagner 7 (Craig Smith, Matt Niskanen) at 6:46
6. Canadiens , Derek Morris 4 (Matt Niskanen, Marcus Johansson) at 16:01 (PP)

Penalties :
Antoine Roussel (Clb) for Hooking (Minor) at 15:42, Tobias Enstrom (Clb) for Hooking (Minor) at 16:04

Goalie Stats

Marc-Andre Fleury (Mon), 36 saves from 37 shots - (0.973), W, 28-6-2, 60:00 minutes
Jake Allen (Clb), 26 saves from 31 shots - (0.839), L, 2-2-2, 60:00 minutes

Players Stats for Canadiens

Player Name              G  A  P  +/- PIM S  H  SB GA TA FO     MP     PP MP  PK MP  
------------------------------------------------------------------------------------
Ben Lovejoy              1  0  1   1  0   1  3  0  0  0  0/0    15:30   0:00   1:16 
Craig Smith              0  1  1   1  0   2  0  0  1  0  0/0    14:18   0:00   0:00 
Derek Morris             2  0  2   1  0   6  0  2  1  1  0/0    23:30   4:27   0:00 
Eric Staal               0  2  2   0  0   4  1  1  1  1  10/19  23:23   3:17   0:23 
Jared Spurgeon           0  0  0   0  0   0  0  1  0  3  0/0    19:00   2:06   0:43 
John-Michael Liles       0  0  0   1  2   1  1  1  0  1  0/0    23:26   2:06   1:59 
Jonathan Ericsson        0  0  0   0  0   0  0  0  0  0  0/0     0:00   0:00   0:00 
Jussi Jokinen            0  0  0   0  0   2  0  0  2  0  0/1    14:47   3:16   0:00 
Marcus Johansson         0  1  1   0  0   2  1  0  1  0  0/0    18:31   3:16   0:00 
Mathieu Perreault        0  0  0   0  0   2  0  1  0  0  10/15  18:31   3:16   0:00 
Matt Niskanen            0  3  3   0  0   1  1  1  0  3  0/0    23:36   4:27   2:42 
Mike Cammalleri          1  1  2   1  0   2  0  0  4  0  1/5    18:33   3:15   3:35 
Mike Weaver              0  0  0   1  2   2  1  0  0  0  0/0    15:29   0:00   1:16 
Pascal Dupuis            0  1  1   2  0   0  2  0  2  1  1/2    18:05   0:00   3:35 
Patric Hornqvist         0  0  0   0  0   2  2  0  3  0  0/0    18:52   3:17   0:00 
Sam Gagner               1  0  1   1  0   3  0  1  4  0  7/10   14:40   0:02   0:00 
Scottie Upshall          0  0  0   0  0   1  1  0  1  0  0/0     8:15   0:00   0:23 
Tomas Jurco              0  0  0   0  0   0  0  0  1  0  1/1     7:29   0:00   0:00 

Players Stats for BlueJackets

Player Name              G  A  P  +/- PIM S  H  SB GA TA FO     MP     PP MP  PK MP  
------------------------------------------------------------------------------------
Andrej Meszaros          0  0  0   0  0   1  1  1  1  0  0/0     6:45   0:52   1:27 
Andrew Ference           0  0  0  -1  2   0  1  3  0  3  0/0    29:37   2:22   3:39 
Antoine Roussel          0  0  0  -2  4   5  1  1  1  1  1/1    17:04   0:38   0:00 
Brendan Smith            0  0  0   0  0   0  0  0  0  0  0/0     2:58   0:00   0:00 
Brent Burns              0  0  0  -1  0   2  0  1  6  1  1/11   26:05   1:49   5:26 
David Savard             0  0  0   0  0   1  1  0  0  1  0/0    16:07   0:00   0:00 
Erik Cole                1  0  1   1  0   8  0  0  1  0  0/0    16:10   2:15   0:00 
Gabriel Bourque          0  0  0  -1  0   0  2  2  0  0  0/0    16:28   0:00   0:00 
James Wright             0  0  0  -2  0   1  0  0  0  0  5/9    13:32   1:43   0:00 
Justin Williams          0  0  0  -2  0   0  1  1  1  0  1/1    15:48   1:43   0:40 
Kevin Klein              0  0  0  -2  0   1  1  5  0  2  0/0    21:47   0:00   3:37 
Michael Raffl            0  0  0  -1  0   0  2  1  2  0  2/10   16:28   0:00   0:00 
Ron Hainsey              0  0  0  -1  0   2  1  0  0  1  0/0    24:50   2:08   2:30 
Ryan Garbutt             0  0  0   0  0   1  0  0  0  0  0/0     5:01   0:00   0:00 
Teddy Purcell            0  1  1   1  0   4  1  0  3  1  0/0    22:24   2:15   5:24 
Tobias Enstrom           0  0  0   1  4   8  0  2  0  1  0/0    16:35   1:50   1:53 
Vernon Fiddler           0  0  0  -1  0   2  0  1  0  0  6/7    11:43   2:15   1:36 
Vincent Lecavalier       0  0  0   1  0   1  0  0  2  0  7/14   13:55   0:00   0:00 

3 Stars

1 - Derek Morris (Mon)
2 - Marc-Andre Fleury (Mon)
3 - Mike Cammalleri (Mon)

Power Play

Canadiens - 2 on 5 Attempt(s) - 40.00%
BlueJackets - 0 on 2 Attempt(s) - 0.00%

Penalty Kill

Canadiens - 2 on 2 Attempt(s) - 100.00% - Score 1 goal in Penalty Kill
BlueJackets - 3 on 5 Attempt(s) - 60.00% - Score 0 goal in Penalty Kill

Team Stat

Canadiens - Hits : 13 - Faceoff Wins : 30 - Blocked Shots : 8 - Penalty Minutes : 4
BlueJackets - Hits : 12 - Faceoff Wins : 23 - Blocked Shots : 18 - Penalty Minutes : 10

Official

Referees : Unknown
Linesman : Unknown

Game Notes

Andrej Meszaros is injured at 2:23 of 2nd period (Right Foot)

Finance

Level 1 -- Attendance: 3787 (63.12%) -- Ticket Income $378,700
Level 2 -- Attendance: 3868 (77.36%) -- Ticket Income $232,080
Level 3 -- Attendance: 1277 (63.85%) -- Ticket Income $44,695
Level 4 -- Attendance: 2798 (69.95%) -- Ticket Income $55,960
Luxury Box -- Attendance: 715 (71.50%) -- Ticket Income $143,000
Game was played at the Nationwide Arena'
Total Attendance: 12445 (69.14%)
Total Ticket Income: $854,435
Other Income: $418,673
Total Income: $1,273,108

Canadiens

5 vs 5 Forward 
   Center                   Left Wing                Right Wing               Time % Phy DF OF 
 1 Eric Staal               Jussi Jokinen            Mike Cammalleri          35     1   1  3  
 2 Mathieu Perreault        Marcus Johansson         Patric Hornqvist         30     1   2  2  
 3 Sam Gagner               Pascal Dupuis            Craig Smith              22     1   2  2  
 4 Eric Staal               Tomas Jurco              Scottie Upshall          13     1   2  2  

5 vs 5 Defense 
   Defense                  Defense                                           Time % Phy DF OF 
 1 Derek Morris             John-Michael Liles                                40     1   2  2  
 2 Matt Niskanen            Jared Spurgeon                                    34     1   2  2  
 3 Ben Lovejoy              Mike Weaver                                       26     1   3  1  
 4 Derek Morris             John-Michael Liles                                0      1   2  2  

PowerPlay Forward 
   Center                   Left Wing                Right Wing               Time % Phy DF OF 
 1 Eric Staal               Mike Cammalleri          Patric Hornqvist         60     1   2  2  
 2 Mathieu Perreault        Marcus Johansson         Jussi Jokinen            40     1   2  2  

PowerPlay Defense
   Defense                  Defense                                           Time % Phy DF OF 
 1 Derek Morris             Matt Niskanen                                     60     1   2  2  
 2 John-Michael Liles       Jared Spurgeon                                    40     1   2  2  

Penalty Kill 4 Players Forward 
   Center                   Wing                     Time % Phy DF OF 
 1 Mike Cammalleri          Pascal Dupuis            60     1   2  2  
 2 Eric Staal               Scottie Upshall          40     1   2  2  

Penalty Kill 4 Players Defense
   Defense                  Defense                  Time % Phy DF OF 
 1 Mike Weaver              John-Michael Liles       60     1   2  2  
 2 Matt Niskanen            Jared Spurgeon           40     1   2  2  

Penalty Kill - 3 Players Forward 
   Forward                                           Time % Phy DF OF 
 1 Eric Staal                                        60     1   3  1  
 2 Pascal Dupuis                                     40     1   3  1  

Penalty Kill - 3 Players Defense
   Defense                  Defense                  Time % Phy DF OF 
 1 Mike Weaver              John-Michael Liles       60     1   2  2  
 2 Matt Niskanen            Jared Spurgeon           40     1   2  2  

4 vs 4 Forward 
   Center                   Wing                     Time % Phy DF OF 
 1 Eric Staal               Mike Cammalleri          60     1   2  2  
 2 Mathieu Perreault        Jussi Jokinen            40     1   2  2  

4 vs 4 Defense
   Defense                  Defense                  Time % Phy DF OF 
 1 Derek Morris             Matt Niskanen            60     1   2  2  
 2 John-Michael Liles       Jared Spurgeon           40     1   2  2  

Last Minutes Offensive
   Center                   Left Wing                Right Wing               Defense                  Defense                  
   Eric Staal               Mike Cammalleri          Patric Hornqvist         Derek Morris             Matt Niskanen            

Last Minutes Defensive
   Center                   Left Wing                Right Wing               Defense                  Defense                  
   Eric Staal               Scottie Upshall          Pascal Dupuis            Mike Weaver              John-Michael Liles       

Goaltenders
Starting : Marc-Andre Fleury        
Backup : Pekka Rinne              

Extra Forwards
Normal : Sam Gagner, Scottie Upshall, Patric Hornqvist - PP : Sam Gagner, Scottie Upshall - PK : Patric Hornqvist
Extra Defensemen
Normal : Ben Lovejoy, Mike Weaver, Matt Niskanen - PP : Ben Lovejoy - PK : Mike Weaver, Matt Niskanen
Penalty Shots
Eric Staal, Mike Cammalleri, Pascal Dupuis, Jussi Jokinen, Marcus Johansson

BlueJackets

5 vs 5 Forward 
   Center                   Left Wing                Right Wing               Time % Phy DF OF 
 1 James Wright             Justin Williams          Brent Burns              35     1   2  2  
 2 Vincent Lecavalier       Teddy Purcell            Erik Cole                30     1   2  2  
 3 Michael Raffl            Gabriel Bourque          Antoine Roussel          22     1   2  2  
 4 Vernon Fiddler           Ryan Garbutt             Brent Burns              13     1   2  2  

5 vs 5 Defense 
   Defense                  Defense                                           Time % Phy DF OF 
 1 Tobias Enstrom           Andrew Ference                                    35     1   2  2  
 2 David Savard             Ron Hainsey                                       30     1   2  2  
 3 Kevin Klein              Andrej Meszaros                                   22     1   2  2  
 4 Brendan Smith            Andrew Ference                                    13     1   2  2  

PowerPlay Forward 
   Center                   Left Wing                Right Wing               Time % Phy DF OF 
 1 James Wright             Justin Williams          Brent Burns              60     1   2  2  
 2 Vernon Fiddler           Teddy Purcell            Erik Cole                40     1   2  2  

PowerPlay Defense
   Defense                  Defense                                           Time % Phy DF OF 
 1 Tobias Enstrom           Andrew Ference                                    60     1   2  2  
 2 Andrej Meszaros          Ron Hainsey                                       40     1   2  2  

Penalty Kill 4 Players Forward 
   Center                   Wing                     Time % Phy DF OF 
 1 Brent Burns              Teddy Purcell            60     1   2  2  
 2 Vernon Fiddler           Justin Williams          40     1   2  2  

Penalty Kill 4 Players Defense
   Defense                  Defense                  Time % Phy DF OF 
 1 Tobias Enstrom           Andrew Ference           60     1   2  2  
 2 Andrej Meszaros          Ron Hainsey              40     1   2  2  

Penalty Kill - 3 Players Forward 
   Forward                                           Time % Phy DF OF 
 1 Brent Burns                                       60     1   2  2  
 2 Justin Williams                                   40     1   2  2  

Penalty Kill - 3 Players Defense
   Defense                  Defense                  Time % Phy DF OF 
 1 Tobias Enstrom           Andrew Ference           60     1   2  2  
 2 Andrej Meszaros          Ron Hainsey              40     1   2  2  

4 vs 4 Forward 
   Center                   Wing                     Time % Phy DF OF 
 1 Brent Burns              Justin Williams          60     1   2  2  
 2 Vernon Fiddler           Teddy Purcell            40     1   2  2  

4 vs 4 Defense
   Defense                  Defense                  Time % Phy DF OF 
 1 Andrej Meszaros          Andrew Ference           60     1   2  2  
 2 Tobias Enstrom           Ron Hainsey              40     1   2  2  

Last Minutes Offensive
   Center                   Left Wing                Right Wing               Defense                  Defense                  
   James Wright             Justin Williams          Brent Burns              Tobias Enstrom           Andrew Ference           

Last Minutes Defensive
   Center                   Left Wing                Right Wing               Defense                  Defense                  
   James Wright             Justin Williams          Brent Burns              Tobias Enstrom           Andrew Ference           

Goaltenders
Starting : Jake Allen               
Backup : Joni Ortio               

Extra Forwards
Normal : Justin Williams, Brent Burns, Vernon Fiddler - PP : Justin Williams, Brent Burns - PK : Vernon Fiddler
Extra Defensemen
Normal : Brent Burns, Andrej Meszaros, Andrew Ference - PP : Brent Burns - PK : Andrej Meszaros, Brent Burns
Penalty Shots
Brent Burns, Vernon Fiddler, Erik Cole, Justin Williams, Teddy Purcell

% Time on Ice - Canadiens

Lines # - Real PCT - Wanted PCT - Time Play
Normal Forward
1 - 24% - 35% - 12:03
2 - 32% - 30% - 15:38
3 - 29% - 22% - 14:18
4 - 15% - 13% - 7:29
Normal Defense
1 - 39% - 40% - 19:26
2 - 33% - 34% - 16:11
3 - 28% - 26% - 13:51
4 - 0% - 0% - 0:00
PP Forward
1 - 50% - 60% - 3:17
2 - 50% - 40% - 3:17
PP Defense
1 - 68% - 60% - 4:28
2 - 32% - 40% - 2:06
PK Forward
1 - 90% - 60% - 3:35
2 - 10% - 40% - 0:23
PK Defense
1 - 82% - 60% - 3:15
2 - 18% - 40% - 0:43
PK3 Forward
1 - 0% - 60%
2 - 0% - 40%
PK3 Defense
1 - 0% - 60%
2 - 0% - 40%
44 Forward
1 - 0% - 60%
2 - 0% - 40%
44 Defense
1 - 0% - 60%
2 - 0% - 40%
Last Minute Offensive  - 0:00
Last Minute Defensive  - 0:00
Total
Forward - 60:00
Defense - 60:00

% Time on Ice - BlueJackets

Lines # - Real PCT - Wanted PCT - Time Play
Normal Forward
1 - 26% - 35% - 12:50
2 - 31% - 30% - 15:09
3 - 33% - 22% - 16:28
4 - 10% - 13% - 5:01
Normal Defense
1 - 26% - 35% - 12:43
2 - 36% - 30% - 17:41
3 - 33% - 22% - 16:06
4 - 6% - 13% - 2:58
PP Forward
1 - 43% - 60% - 1:43
2 - 57% - 40% - 2:15
PP Defense
1 - 46% - 60% - 1:50
2 - 54% - 40% - 2:08
PK Forward
1 - 90% - 60% - 5:54
2 - 10% - 40% - 0:40
PK Defense
1 - 62% - 60% - 4:04
2 - 38% - 40% - 2:30
PK3 Forward
1 - 0% - 60%
2 - 0% - 40%
PK3 Defense
1 - 0% - 60%
2 - 0% - 40%
44 Forward
1 - 0% - 60%
2 - 0% - 40%
44 Defense
1 - 0% - 60%
2 - 0% - 40%
Last Minute Offensive  - 0:00
Last Minute Defensive  - 0:00
Total
Forward - 60:00
Defense - 60:00

Play by Play

1st period


0:01 of 1st period - Justin Williams wins face-off versus Eric Staal in neutral zone.
0:06 of 1st period - Slapshot by Tobias Enstrom.
0:06 of 1st period - Shot Blocked by Derek Morris.
0:08 of 1st period - Wrist shot by James Wright.
0:08 of 1st period - Shot Misses the Net.
0:10 of 1st period - Slapshot by Tobias Enstrom.
0:10 of 1st period - Stopped by Marc-Andre Fleury with a rebound.
0:12 of 1st period - Snap shot by Tobias Enstrom.
0:12 of 1st period - Stopped by Marc-Andre Fleury with a rebound.
0:14 of 1st period - Slapshot by Tobias Enstrom.
0:14 of 1st period - Shot Blocked by Derek Morris.
0:16 of 1st period - Snap shot by Tobias Enstrom.
0:16 of 1st period - Stopped by Marc-Andre Fleury without a rebound.
0:17 of 1st period - Eric Staal wins face-off versus James Wright in Canadiens zone.
0:34 of 1st period - Mike Cammalleri is hit by Justin Williams and loses puck.
1:10 of 1st period - Wrist shot by Patric Hornqvist.
1:10 of 1st period - Deflect By Mathieu Perreault.
1:10 of 1st period - Shot Misses the Net.
1:10 of 1st period - Puck is out of play.
1:11 of 1st period - Mathieu Perreault wins face-off versus Vincent Lecavalier in BlueJackets zone.
1:37 of 1st period - Snap shot by Patric Hornqvist.
1:37 of 1st period - Stopped by Jake Allen with a rebound.
2:21 of 1st period - Gabriel Bourque is hit by Ben Lovejoy and loses puck.
2:28 of 1st period - Michael Raffl is hit by Pascal Dupuis and loses puck.
3:09 of 1st period - Wrist shot by Eric Staal.
3:09 of 1st period - Shot Blocked by Vernon Fiddler.
3:28 of 1st period - Derek Morris is hit by Teddy Purcell and loses puck.
3:50 of 1st period - Snap shot by Patric Hornqvist.
3:50 of 1st period - Shot Blocked by Andrew Ference.
4:02 of 1st period - Antoine Roussel is hit by Matt Niskanen and loses puck.
4:44 of 1st period - Slapshot by Tobias Enstrom.
4:44 of 1st period - Stopped by Marc-Andre Fleury with a rebound.
5:12 of 1st period - Snap shot by Erik Cole.
5:12 of 1st period - Stopped by Marc-Andre Fleury without a rebound.
5:13 of 1st period - Eric Staal wins face-off versus Vincent Lecavalier in Canadiens zone.
5:21 of 1st period - Icing by David Savard.
5:22 of 1st period - Eric Staal wins face-off versus Vincent Lecavalier in BlueJackets zone.
5:27 of 1st period - Slapshot by Eric Staal.
5:27 of 1st period - Shot Misses the Net.
6:39 of 1st period - Snap shot by Marcus Johansson.
6:39 of 1st period - Stopped by Jake Allen without a rebound.
6:40 of 1st period - Tomas Jurco wins face-off versus Vincent Lecavalier in BlueJackets zone.
7:24 of 1st period - Snap shot by Craig Smith.
7:24 of 1st period - Shot Blocked by Justin Williams.
7:26 of 1st period - Slapshot by Mike Weaver.
7:26 of 1st period - Stopped by Jake Allen with a rebound.
7:28 of 1st period - Slapshot by Ben Lovejoy.
7:28 of 1st period - Deflect By Craig Smith.
7:28 of 1st period - Shot Misses the Net.
7:28 of 1st period - Puck is out of play.
7:29 of 1st period - Mathieu Perreault wins face-off versus James Wright in BlueJackets zone.
8:07 of 1st period - Backhand shot by Gabriel Bourque.
8:07 of 1st period - Deflect By Antoine Roussel.
8:07 of 1st period - Stopped by Marc-Andre Fleury with a rebound.
8:35 of 1st period - Snap shot by Brent Burns.
8:35 of 1st period - Shot Misses the Net.
8:55 of 1st period - Icing by Vincent Lecavalier.
8:56 of 1st period - Vincent Lecavalier wins face-off versus Sam Gagner in BlueJackets zone.
8:56 of 1st period - Vincent Lecavalier is hit by Pascal Dupuis.
9:08 of 1st period - Wrist shot by Teddy Purcell.
9:08 of 1st period - Stopped by Marc-Andre Fleury without a rebound.
9:09 of 1st period - Sam Gagner wins face-off versus Michael Raffl in Canadiens zone.
9:09 of 1st period - Sam Gagner is hit by Gabriel Bourque.
9:17 of 1st period - Backhand shot by Craig Smith.
9:17 of 1st period - Stopped by Jake Allen with a rebound.
9:27 of 1st period - Snap shot by Craig Smith.
9:27 of 1st period - Deflect By Andrew Ference.
9:27 of 1st period - Shot Blocked by Tobias Enstrom.
9:27 of 1st period - Puck is out of play.
9:28 of 1st period - Michael Raffl wins face-off versus Eric Staal in BlueJackets zone.
9:28 of 1st period - Michael Raffl is hit by Mike Weaver.
10:01 of 1st period - Minor Penalty to Antoine Roussel for Roughing.
10:02 of 1st period - Eric Staal wins face-off versus Brent Burns in BlueJackets zone.
10:17 of 1st period - Slapshot by Derek Morris.
10:17 of 1st period - Shot Blocked by Tobias Enstrom.
10:19 of 1st period - Slapshot by Derek Morris.
10:19 of 1st period - Goal by Derek Morris - Canadiens : 1 - BlueJackets : 0.
10:20 of 1st period - Sam Gagner wins face-off versus Vincent Lecavalier in neutral zone.
10:23 of 1st period - Slapshot by Craig Smith.
10:23 of 1st period - Shot Misses the Net.
12:30 of 1st period - Mike Weaver is hit by Michael Raffl and loses puck.
12:35 of 1st period - Snap shot by Antoine Roussel.
12:35 of 1st period - Shot Misses the Net.
12:37 of 1st period - Backhand shot by Antoine Roussel.
12:37 of 1st period - Stopped by Marc-Andre Fleury with a rebound.
12:39 of 1st period - Slapshot by Kevin Klein.
12:39 of 1st period - Shot Misses the Net.
12:41 of 1st period - Snap shot by Andrej Meszaros.
12:41 of 1st period - Stopped by Marc-Andre Fleury without a rebound.
12:42 of 1st period - Vernon Fiddler wins face-off versus Pascal Dupuis in Canadiens zone.
12:52 of 1st period - Snap shot by Ryan Garbutt.
12:52 of 1st period - Stopped by Marc-Andre Fleury with a rebound.
12:54 of 1st period - Snap shot by Andrej Meszaros.
12:54 of 1st period - Shot Misses the Net.
12:58 of 1st period - Wrist shot by Brent Burns.
12:58 of 1st period - Shot Misses the Net.
13:00 of 1st period - Wrist shot by Kevin Klein.
13:00 of 1st period - Deflect By Derek Morris.
13:00 of 1st period - Stopped by Marc-Andre Fleury without a rebound.
13:01 of 1st period - Pascal Dupuis wins face-off versus Brent Burns in Canadiens zone.
13:29 of 1st period - Icing by Pascal Dupuis.
13:30 of 1st period - Sam Gagner wins face-off versus Michael Raffl in Canadiens zone.
13:30 of 1st period - Sam Gagner is hit by Andrej Meszaros.
14:24 of 1st period - Snap shot by Erik Cole.
14:24 of 1st period - Goal by Erik Cole - Canadiens : 1 - BlueJackets : 1.
14:25 of 1st period - James Wright wins face-off versus Mathieu Perreault in neutral zone.
14:38 of 1st period - Patric Hornqvist is hit by Andrew Ference and loses puck.
14:53 of 1st period - Snap shot by Brent Burns.
14:53 of 1st period - Stopped by Marc-Andre Fleury with a rebound.
15:02 of 1st period - Snap shot by Marcus Johansson.
15:02 of 1st period - Shot Misses the Net.
15:40 of 1st period - Snap shot by Erik Cole.
15:40 of 1st period - Shot Misses the Net.
16:06 of 1st period - Wrist shot by Erik Cole.
16:06 of 1st period - Shot Misses the Net.
16:12 of 1st period - Minor Penalty to Mike Weaver for Elbowing.
16:13 of 1st period - Vernon Fiddler wins face-off versus Mike Cammalleri in Canadiens zone.
16:16 of 1st period - Snap shot by Tobias Enstrom.
16:16 of 1st period - Stopped by Marc-Andre Fleury with a rebound.
16:18 of 1st period - Wrist shot by Erik Cole.
16:18 of 1st period - Shot Misses the Net.
16:20 of 1st period - Slapshot by Tobias Enstrom.
16:20 of 1st period - Stopped by Marc-Andre Fleury without a rebound.
16:21 of 1st period - Mike Cammalleri wins face-off versus Vernon Fiddler in Canadiens zone.
18:12 of 1st period - Penalty to Mike Weaver is over, Mike Weaver is back on ice.
18:34 of 1st period - Backhand shot by Antoine Roussel.
18:34 of 1st period - Stopped by Marc-Andre Fleury without a rebound.
18:35 of 1st period - Mathieu Perreault wins face-off versus Michael Raffl in Canadiens zone.
18:50 of 1st period - Wrist shot by Patric Hornqvist.
18:50 of 1st period - Stopped by Jake Allen without a rebound.
18:51 of 1st period - Mathieu Perreault wins face-off versus Michael Raffl in BlueJackets zone.
18:56 of 1st period - Snap shot by Patric Hornqvist.
18:56 of 1st period - Shot Blocked by Andrew Ference.
Goals for this period are 1 for Canadiens vs 1 for BlueJackets.
Shots for this period are 6 for Canadiens vs 16 for BlueJackets.

2nd period


0:01 of 2nd period - James Wright wins face-off versus Eric Staal in neutral zone.
0:08 of 2nd period - Slapshot by Brent Burns.
0:08 of 2nd period - Stopped by Marc-Andre Fleury with a rebound.
0:38 of 2nd period - Slapshot by Justin Williams.
0:38 of 2nd period - Shot Blocked by Eric Staal.
0:55 of 2nd period - Minor Penalty to Tobias Enstrom for Holding.
0:56 of 2nd period - Mathieu Perreault wins face-off versus Brent Burns in BlueJackets zone.
1:07 of 2nd period - Snap shot by Teddy Purcell.
1:07 of 2nd period - Shot Misses the Net.
1:50 of 2nd period - Icing by Jared Spurgeon.
1:51 of 2nd period - Eric Staal wins face-off versus Brent Burns in Canadiens zone.
1:56 of 2nd period - Andrej Meszaros is hit by Patric Hornqvist and loses puck.
2:05 of 2nd period - Wrist shot by Patric Hornqvist.
2:05 of 2nd period - Shot Blocked by Andrew Ference.
2:07 of 2nd period - Slapshot by John-Michael Liles.
2:07 of 2nd period - Stopped by Jake Allen without a rebound.
2:08 of 2nd period - Mathieu Perreault wins face-off versus Brent Burns in BlueJackets zone.
2:21 of 2nd period - Slapshot by Matt Niskanen.
2:21 of 2nd period - Stopped by Jake Allen with a rebound.
2:23 of 2nd period - Wrist shot by Jussi Jokinen.
2:23 of 2nd period - Shot Blocked by Andrej Meszaros.
2:23 of 2nd period - Andrej Meszaros from BlueJackets is injured at 2:23 of 2nd period (Right Foot).
2:24 of 2nd period - Brent Burns wins face-off versus Eric Staal in BlueJackets zone.
2:53 of 2nd period - Wrist shot by Teddy Purcell.
2:53 of 2nd period - Shot Misses the Net.
2:55 of 2nd period - Penalty to Tobias Enstrom is over, Tobias Enstrom is back on ice.
3:44 of 2nd period - Snap shot by Pascal Dupuis.
3:44 of 2nd period - Deflect By Sam Gagner.
3:44 of 2nd period - Shot Blocked by Kevin Klein.
3:44 of 2nd period - Puck is out of play.
3:45 of 2nd period - Eric Staal wins face-off versus Michael Raffl in BlueJackets zone.
4:15 of 2nd period - Off-side.
4:16 of 2nd period - James Wright wins face-off versus Mathieu Perreault in neutral zone.
4:27 of 2nd period - Slapshot by Brent Burns.
4:27 of 2nd period - Shot Misses the Net.
4:29 of 2nd period - Slapshot by Ron Hainsey.
4:29 of 2nd period - Stopped by Marc-Andre Fleury with a rebound.
5:01 of 2nd period - Off-side.
5:02 of 2nd period - Vincent Lecavalier wins face-off versus Sam Gagner in neutral zone.
5:15 of 2nd period - Wrist shot by Sam Gagner.
5:15 of 2nd period - Shot Misses the Net.
5:17 of 2nd period - Wrist shot by Craig Smith.
5:17 of 2nd period - Shot Misses the Net.
5:19 of 2nd period - Wrist shot by Craig Smith.
5:19 of 2nd period - Shot Misses the Net.
5:21 of 2nd period - Wrist shot by Pascal Dupuis.
5:21 of 2nd period - Shot Misses the Net.
6:06 of 2nd period - Snap shot by Eric Staal.
6:06 of 2nd period - Shot Misses the Net.
6:08 of 2nd period - Slapshot by John-Michael Liles.
6:08 of 2nd period - Shot Misses the Net.
6:10 of 2nd period - Snap shot by Eric Staal.
6:10 of 2nd period - Shot Blocked by Kevin Klein.
6:12 of 2nd period - Slapshot by Derek Morris.
6:12 of 2nd period - Stopped by Jake Allen without a rebound.
6:13 of 2nd period - James Wright wins face-off versus Mathieu Perreault in BlueJackets zone.
8:32 of 2nd period - Wrist shot by Mike Cammalleri.
8:32 of 2nd period - Shot Blocked by Michael Raffl.
8:34 of 2nd period - Slapshot by Ben Lovejoy.
8:34 of 2nd period - Shot Misses the Net.
8:36 of 2nd period - Slapshot by Ben Lovejoy.
8:36 of 2nd period - Goal by Ben Lovejoy - Canadiens : 2 - BlueJackets : 1.
8:37 of 2nd period - Mathieu Perreault wins face-off versus James Wright in neutral zone.
9:31 of 2nd period - Slapshot by Antoine Roussel.
9:31 of 2nd period - Shot Misses the Net.
9:33 of 2nd period - Snap shot by Gabriel Bourque.
9:33 of 2nd period - Shot Misses the Net.
9:35 of 2nd period - Slapshot by Kevin Klein.
9:35 of 2nd period - Deflect By Antoine Roussel.
9:35 of 2nd period - Stopped by Marc-Andre Fleury without a rebound.
9:36 of 2nd period - Vernon Fiddler wins face-off versus Eric Staal in Canadiens zone.
10:27 of 2nd period - Snap shot by Erik Cole.
10:27 of 2nd period - Stopped by Marc-Andre Fleury with a rebound.
12:04 of 2nd period - Snap shot by Justin Williams.
12:04 of 2nd period - Shot Blocked by John-Michael Liles.
12:06 of 2nd period - Slapshot by Ron Hainsey.
12:06 of 2nd period - Stopped by Marc-Andre Fleury with a rebound.
12:08 of 2nd period - Slapshot by Vernon Fiddler.
12:08 of 2nd period - Stopped by Marc-Andre Fleury with a rebound.
12:14 of 2nd period - Wrist shot by Justin Williams.
12:14 of 2nd period - Shot Misses the Net.
12:16 of 2nd period - Snap shot by Tobias Enstrom.
12:16 of 2nd period - Stopped by Marc-Andre Fleury without a rebound.
12:17 of 2nd period - Vincent Lecavalier wins face-off versus Eric Staal in Canadiens zone.
12:21 of 2nd period - Minor Penalty to John-Michael Liles for Hooking.
12:22 of 2nd period - Vernon Fiddler wins face-off versus Mike Cammalleri in Canadiens zone.
12:22 of 2nd period - Snap shot by Erik Cole.
12:22 of 2nd period - Stopped by Marc-Andre Fleury without a rebound.
12:23 of 2nd period - Vernon Fiddler wins face-off versus Mike Cammalleri in Canadiens zone.
13:37 of 2nd period - Snap shot by Mike Cammalleri.
13:37 of 2nd period - Goal by Mike Cammalleri - Canadiens : 3 - BlueJackets : 1.
13:38 of 2nd period - Vernon Fiddler wins face-off versus Mike Cammalleri in neutral zone.
14:21 of 2nd period - Penalty to John-Michael Liles is over, John-Michael Liles is back on ice.
14:32 of 2nd period - Minor Penalty to Andrew Ference for Boarding.
14:33 of 2nd period - Mathieu Perreault wins face-off versus Brent Burns in BlueJackets zone.
14:53 of 2nd period - Slapshot by Jussi Jokinen.
14:53 of 2nd period - Shot Misses the Net.
14:55 of 2nd period - Wrist shot by Derek Morris.
14:55 of 2nd period - Shot Blocked by Brent Burns.
14:57 of 2nd period - Slapshot by Derek Morris.
14:57 of 2nd period - Stopped by Jake Allen without a rebound.
14:58 of 2nd period - Mathieu Perreault wins face-off versus Brent Burns in BlueJackets zone.
15:13 of 2nd period - Slapshot by Jussi Jokinen.
15:13 of 2nd period - Stopped by Jake Allen with a rebound.
16:32 of 2nd period - Penalty to Andrew Ference is over, Andrew Ference is back on ice.
17:22 of 2nd period - Snap shot by Sam Gagner.
17:22 of 2nd period - Stopped by Jake Allen with a rebound.
17:52 of 2nd period - Andrew Ference is hit by Marcus Johansson and loses puck.
19:10 of 2nd period - Matt Niskanen is hit by Michael Raffl and loses puck.
19:31 of 2nd period - Wrist shot by Erik Cole.
19:31 of 2nd period - Stopped by Marc-Andre Fleury with a rebound.
Goals for this period are 2 for Canadiens vs 0 for BlueJackets.
Shots for this period are 8 for Canadiens vs 9 for BlueJackets.

3rd period


0:01 of 3rd period - James Wright wins face-off versus Eric Staal in neutral zone.
0:06 of 3rd period - Slapshot by Tobias Enstrom.
0:06 of 3rd period - Stopped by Marc-Andre Fleury without a rebound.
0:07 of 3rd period - Eric Staal wins face-off versus James Wright in Canadiens zone.
0:44 of 3rd period - Snap shot by Mike Cammalleri.
0:44 of 3rd period - Stopped by Jake Allen with a rebound.
1:14 of 3rd period - Snap shot by Teddy Purcell.
1:14 of 3rd period - Shot Hit the Post.
1:16 of 3rd period - Slapshot by David Savard.
1:16 of 3rd period - Stopped by Marc-Andre Fleury with a rebound.
1:18 of 3rd period - Snap shot by Vincent Lecavalier.
1:18 of 3rd period - Deflect By Teddy Purcell.
1:18 of 3rd period - Stopped by Marc-Andre Fleury with a rebound.
1:26 of 3rd period - Snap shot by Teddy Purcell.
1:26 of 3rd period - Stopped by Marc-Andre Fleury with a rebound.
1:28 of 3rd period - Snap shot by Vincent Lecavalier.
1:28 of 3rd period - Stopped by Marc-Andre Fleury with a rebound.
1:30 of 3rd period - Slapshot by David Savard.
1:30 of 3rd period - Shot Blocked by Mathieu Perreault.
1:32 of 3rd period - Snap shot by Erik Cole.
1:32 of 3rd period - Stopped by Marc-Andre Fleury with a rebound.
1:50 of 3rd period - Matt Niskanen is hit by Antoine Roussel and loses puck.
2:36 of 3rd period - Wrist shot by Eric Staal.
2:36 of 3rd period - Stopped by Jake Allen with a rebound.
2:38 of 3rd period - Wrist shot by Scottie Upshall.
2:38 of 3rd period - Stopped by Jake Allen without a rebound.
2:39 of 3rd period - Vincent Lecavalier wins face-off versus Eric Staal in BlueJackets zone.
2:56 of 3rd period - Tobias Enstrom is hit by Scottie Upshall and loses puck.
3:31 of 3rd period - Ryan Garbutt is hit by Ben Lovejoy and loses puck.
4:15 of 3rd period - Off-side.
4:16 of 3rd period - Sam Gagner wins face-off versus Vincent Lecavalier in neutral zone.
4:21 of 3rd period - Snap shot by Craig Smith.
4:21 of 3rd period - Stopped by Jake Allen with a rebound.
5:43 of 3rd period - Vernon Fiddler is hit by Eric Staal and loses puck.
6:06 of 3rd period - Wrist shot by Mathieu Perreault.
6:06 of 3rd period - Stopped by Jake Allen with a rebound.
6:46 of 3rd period - Snap shot by Sam Gagner.
6:46 of 3rd period - Goal by Sam Gagner - Canadiens : 4 - BlueJackets : 1.
6:47 of 3rd period - Antoine Roussel wins face-off versus Eric Staal in neutral zone.
7:00 of 3rd period - Slapshot by Antoine Roussel.
7:00 of 3rd period - Deflect By Mike Cammalleri.
7:00 of 3rd period - Shot Misses the Net.
7:00 of 3rd period - Puck is out of play.
7:01 of 3rd period - Michael Raffl wins face-off versus Jussi Jokinen in Canadiens zone.
7:19 of 3rd period - Slapshot by Eric Staal.
7:19 of 3rd period - Stopped by Jake Allen with a rebound.
7:39 of 3rd period - Wrist shot by Mathieu Perreault.
7:39 of 3rd period - Stopped by Jake Allen with a rebound.
9:50 of 3rd period - David Savard is hit by Patric Hornqvist and loses puck.
10:09 of 3rd period - Antoine Roussel is hit by Ben Lovejoy and loses puck.
10:27 of 3rd period - Icing by Kevin Klein.
10:28 of 3rd period - Eric Staal wins face-off versus Michael Raffl in BlueJackets zone.
10:41 of 3rd period - Mike Cammalleri is hit by Kevin Klein.
10:45 of 3rd period - Andrew Ference is hit by John-Michael Liles.
11:09 of 3rd period - Wrist shot by Marcus Johansson.
11:09 of 3rd period - Stopped by Jake Allen with a rebound.
11:26 of 3rd period - Snap shot by Sam Gagner.
11:26 of 3rd period - Stopped by Jake Allen without a rebound.
11:27 of 3rd period - Vincent Lecavalier wins face-off versus Sam Gagner in BlueJackets zone.
11:48 of 3rd period - Wrist shot by Erik Cole.
11:48 of 3rd period - Deflect By Teddy Purcell.
11:48 of 3rd period - Stopped by Marc-Andre Fleury without a rebound.
11:49 of 3rd period - Vincent Lecavalier wins face-off versus Mathieu Perreault in Canadiens zone.
11:54 of 3rd period - Wrist shot by Vincent Lecavalier.
11:54 of 3rd period - Shot Misses the Net.
13:36 of 3rd period - Snap shot by Erik Cole.
13:36 of 3rd period - Shot Blocked by Sam Gagner.
13:38 of 3rd period - Wrist shot by Erik Cole.
13:38 of 3rd period - Stopped by Marc-Andre Fleury without a rebound.
13:39 of 3rd period - Sam Gagner wins face-off versus Vincent Lecavalier in Canadiens zone.
13:54 of 3rd period - Pascal Dupuis is hit by David Savard and loses puck.
15:04 of 3rd period - Wrist shot by Vernon Fiddler.
15:04 of 3rd period - Stopped by Marc-Andre Fleury with a rebound.
15:14 of 3rd period - Snap shot by Justin Williams.
15:14 of 3rd period - Shot Misses the Net.
15:16 of 3rd period - Snap shot by Kevin Klein.
15:16 of 3rd period - Shot Blocked by Matt Niskanen.
15:18 of 3rd period - Slapshot by Ron Hainsey.
15:18 of 3rd period - Shot Blocked by Jared Spurgeon.
15:24 of 3rd period - Slapshot by James Wright.
15:24 of 3rd period - Stopped by Marc-Andre Fleury without a rebound.
15:25 of 3rd period - Sam Gagner wins face-off versus Michael Raffl in Canadiens zone.
15:32 of 3rd period - Wrist shot by Pascal Dupuis.
15:32 of 3rd period - Shot Blocked by Antoine Roussel.
15:42 of 3rd period - Minor Penalty to Antoine Roussel for Hooking.
15:43 of 3rd period - Mathieu Perreault wins face-off versus Brent Burns in BlueJackets zone.
15:51 of 3rd period - Wrist shot by Jussi Jokinen.
15:51 of 3rd period - Stopped by Jake Allen with a rebound.
15:57 of 3rd period - Slapshot by Marcus Johansson.
15:57 of 3rd period - Shot Misses the Net.
15:59 of 3rd period - Slapshot by Matt Niskanen.
15:59 of 3rd period - Shot Misses the Net.
16:01 of 3rd period - Snap shot by Derek Morris.
16:01 of 3rd period - Goal by Derek Morris - Canadiens : 5 - BlueJackets : 1.
16:02 of 3rd period - Vincent Lecavalier wins face-off versus Mathieu Perreault in neutral zone.
16:04 of 3rd period - Minor Penalty to Tobias Enstrom for Hooking.
16:05 of 3rd period - Eric Staal wins face-off versus Brent Burns in BlueJackets zone.
16:09 of 3rd period - Wrist shot by Patric Hornqvist.
16:09 of 3rd period - Shot Misses the Net.
16:11 of 3rd period - Slapshot by Derek Morris.
16:11 of 3rd period - Deflect By Mike Cammalleri.
16:11 of 3rd period - Shot Blocked by Kevin Klein.
16:11 of 3rd period - Puck is out of play.
16:12 of 3rd period - Eric Staal wins face-off versus Brent Burns in BlueJackets zone.
16:33 of 3rd period - Snap shot by Eric Staal.
16:33 of 3rd period - Shot Misses the Net.
16:35 of 3rd period - Slapshot by Matt Niskanen.
16:35 of 3rd period - Shot Hit the Post.
16:37 of 3rd period - Snap shot by Mike Cammalleri.
16:37 of 3rd period - Shot Misses the Net.
18:04 of 3rd period - Penalty to Tobias Enstrom is over, Tobias Enstrom is back on ice.
18:21 of 3rd period - Jared Spurgeon is hit by Gabriel Bourque and loses puck.
18:26 of 3rd period - Snap shot by Antoine Roussel.
18:26 of 3rd period - Stopped by Marc-Andre Fleury without a rebound.
18:27 of 3rd period - Sam Gagner wins face-off versus Michael Raffl in Canadiens zone.
18:27 of 3rd period - Sam Gagner is hit by Ron Hainsey.
18:33 of 3rd period - Snap shot by Sam Gagner.
18:33 of 3rd period - Shot Blocked by Kevin Klein.
18:35 of 3rd period - Slapshot by Ben Lovejoy.
18:35 of 3rd period - Shot Blocked by Gabriel Bourque.
18:45 of 3rd period - Wrist shot by Sam Gagner.
18:45 of 3rd period - Shot Misses the Net.
18:47 of 3rd period - Backhand shot by Mike Weaver.
18:47 of 3rd period - Shot Misses the Net.
18:49 of 3rd period - Snap shot by Pascal Dupuis.
18:49 of 3rd period - Shot Blocked by Gabriel Bourque.
18:51 of 3rd period - Slapshot by Ben Lovejoy.
18:51 of 3rd period - Shot Misses the Net.
19:11 of 3rd period - Wrist shot by Eric Staal.
19:11 of 3rd period - Stopped by Jake Allen with a rebound.
19:13 of 3rd period - Slapshot by Mike Weaver.
19:13 of 3rd period - Stopped by Jake Allen with a rebound.
19:15 of 3rd period - Slapshot by Mike Weaver.
19:15 of 3rd period - Shot Misses the Net.
19:17 of 3rd period - Slapshot by Eric Staal.
19:17 of 3rd period - Stopped by Jake Allen with a rebound.
19:19 of 3rd period - Slapshot by Derek Morris.
19:19 of 3rd period - Shot Hit the Post.
19:21 of 3rd period - Snap shot by Derek Morris.
19:21 of 3rd period - Stopped by Jake Allen with a rebound.
19:23 of 3rd period - Snap shot by Scottie Upshall.
19:23 of 3rd period - Shot Blocked by Kevin Klein.
19:25 of 3rd period - Wrist shot by Derek Morris.
19:25 of 3rd period - Stopped by Jake Allen with a rebound.
19:27 of 3rd period - Slapshot by Scottie Upshall.
19:27 of 3rd period - Shot Misses the Net.
19:51 of 3rd period - Snap shot by Erik Cole.
19:51 of 3rd period - Stopped by Marc-Andre Fleury with a rebound.
Goals for this period are 2 for Canadiens vs 0 for BlueJackets.
Shots for this period are 17 for Canadiens vs 12 for BlueJackets.


Output by the SimonT Hockey Simulator (STHS) for Eric Dolegowski -- Original Page W3C XHTML 1.0 Valid
Hockey Simulator - Hockey Simulation - Hockey Manager